AoeStats
← joosephy

Nomad

508211708Analyzed
2v2 RM · 11d ago on Sep 21, 2026· 24m 48s· 4 players
Game mode
Random Map
Map size
176×176
Population
200
Speed
Normal
Resources
Standard
Victory
Conquest
Starting age
Dark Age
Ending age
Imperial Age
RankedLock teamsTeams togetherTeam positionsShared explorationLock speedFull tech treeHidden civsTurbo modeCheats
Victory
Defeat
🇹🇼 Tatars · Taiwan
1577
+21
🇨🇳 Chinese · China
1528
+22
🇨🇿 Italians · Czechia
1680
-22
🇨🇿 Persians · Czechia
1676
-21
joosephy
3:41 Loom
12:58 Feudal Age
15:02 Town Watch
17:58 Castle Age
19:52 Fishing Lines
21:35 Wheelbarrow
21:34 Double-Bit Axe
dentist-44
2:58 Loom
12:40 Feudal Age
17:54 Castle Age
16:48 Double-Bit Axe
18:21 Fishing Lines
19:11 Fletching
19:58 Medium Warships
20:01 Bodkin Arrow
23:18 Bow Saw
24:22 Town Watch
xberny
8:35 Loom
11:18 Feudal Age
11:48 Double-Bit Axe
17:26 Horse Collar
21:57 Castle Age
20:39 Scale Barding Armor
20:49 Bloodlines
21:37 Scale Barding Armor
22:55 Chain Barding Armor
23:09 Bow Saw
GoPlayTetris
4:55 Loom
11:50 Feudal Age
16:33 Castle Age
14:31 Double-Bit Axe
17:13 Fletching
17:35 Bow Saw
19:56 Bodkin Arrow
23:33 Medium Warships
27:03 Imperial Age
Connection lost

Rejoining the realm…

Still unreachable

The connection could not be restored.

Session expired

The server has moved on; the page needs a fresh start.